Map: Overgrown Facility

Players

Bacon - Winner!

  • Race: Zerg Zerg
  • League: Platinum
  • Spawn Location: 3:00

KeVLaR - Winner!

  • Race: Protoss Protoss
  • League: Platinum
  • Spawn Location: 1:00

Teehee

  • Race: Terran Terran
  • League: Silver
  • Spawn Location: 9:00

Skillup

  • Race: Terran Terran
  • Spawn Location: 7:00

VOD

Have the link to the VOD?

Description

Very close 2v2 game, terran cheese, banes, base race and lots of fun.

Time

  • Played on: Feb. 16, 2019, 4:19 p.m.
  • Length: 20:55
Show
View Real Time Build Order
Export as new Build Order

Bacon Zerg - Winner!

Build Orders: Pool First 

Get SALT Encoding   

  12  0:01  Drone  
  13  0:13  Overlord  
  13  0:18  Drone  
  14  0:31  Drone x2  
  16  0:36  Drone  
  17  0:45  Drone  
  17  0:49  Extractor  
  17  0:56  Drone  
  18  0:58  Spawning Pool  
  17  1:07  Drone  
  18  1:20  Hatchery  
  18  1:24  Drone  
  18  1:28  Drone  
  19  1:40  Drone  
  20  1:47  Queen  
  20  1:50  Overlord  
  22  2:09  Zergling x2  
  23  2:20  Overlord  
  23  2:27  Metabolic Boost  
  23  2:30  Zergling x2  
  23  2:32  Queen  
  26  2:47  Extractor  
  26  2:50  Overlord x2  
  25  2:54  Zergling x2  
  25  2:55  Zergling x4  
  28  2:58  Drone  
  28  2:59  Drone x2  
  28  3:01  Drone  
  32  3:11  Zergling x4  
  34  3:21  Zergling x4  
  36  3:32  Zergling x4  
  38  3:41  Queen  
  38  3:43  Overlord  
  38  3:46  Queen  
  40  4:02  Zergling x2  
  40  4:03  Zergling x12  
  44  4:31  Queen  
  46  4:43  Drone x7  
  53  4:50  Evolution Chamber  
  52  5:04  Drone x2  
  52  5:05  Drone x2  
  56  5:10  Baneling Nest  
  52  5:23  Zergling x2  
  52  5:24  Zergling x14  
  18  6:03  Spawning Pool  
  17  6:49  Queen  
  17  6:52  Zergling x6  
  22  7:06  Zergling x6  
  25  7:11  Hatchery  
  24  7:20  Drone  
  25  7:35  Zergling x6  
  25  7:36  Zergling x2  
  25  7:47  Drone  
  26  7:56  Baneling x13  
  26  8:21  Zergling x2  
  26  8:22  Zergling x4  
  29  8:33  Zergling x2  
  33  8:34  Zergling x6  
  33  8:40  Drone x2  
  24  9:04  Baneling x5  
  24  9:18  Overlord x3  
  17  9:35  Zergling x2  
  17  9:36  Zergling x6  
  19  9:46  Zergling x2  
  19  9:47  Queen  
  12  10:19  Zergling x6  
  5  10:48  Drone  
  5  10:49  Drone  
  1  11:41  Hatchery  
    12:02  Drone x3  
  3  12:20  Spawning Pool  
  3  12:21  Drone  
  3  12:32  Drone  
  3  12:35  Drone  
  5  12:46  Drone  
  6  12:55  Drone  
  7  13:05  Drone  
  8  13:10  Drone  
  8  13:11  Queen  
  11  13:14  Queen  
  11  13:16  Drone x2  
  15  13:28  Drone x3  
  18  13:36  Drone  
  18  13:39  Drone  
  20  13:47  Queen  
  22  14:00  Drone x2  
  24  14:05  Extractor  
  23  14:12  Drone x4  
  27  14:30  Spine Crawler  
  26  14:32  Drone  
  26  14:33  Drone x5  
  32  14:42  Zergling x6  
  35  14:46  Drone  
  36  15:16  Evolution Chamber  
  36  15:20  Roach Warren  
  36  15:21  Drone x5  
  39  15:22  Drone x4  
  43  15:37  Extractor  
  39  15:54  Lair  
  39  15:56  Zerg Missile Weapons Level 1  
  39  16:07  Hatchery  
  38  16:15  Drone x3  
  38  16:16  Drone  
  42  16:19  Roach  
  42  16:20  Roach x4  
  52  16:38  Spore Crawler  
  51  16:46  Spore Crawler  
  50  16:48  Extractor  
  50  16:51  Glial Reconstitution  
  49  16:57  Overlord x4  
  49  16:58  Overlord  
  49  17:08  Spire  
  49  17:13  Spine Crawler  
  47  17:20  Extractor  
  47  17:21  Drone x4  
  50  17:29  Drone  
  52  17:30  Drone x4  
  55  17:42  Roach x3  
  55  17:43  Roach x2  
  65  17:54  Zerg Ground Armor Level 1  
  65  18:08  Spore Crawler  
  65  18:12  Zergling x2  
  65  18:13  Zergling x20  
  65  18:19  Queen  
  77  18:22  Zerg Flyer Weapons Level 1  
  77  18:23  Mutalisk x2  
  77  18:26  Mutalisk  
  83  18:36  Ravager  
  83  18:40  Overseer  
  84  18:48  Drone x7  
  89  18:52  Extractor  
  90  19:00  Pneumatized Carapace  
  90  19:27  Overlord x2  
  90  19:34  Extractor  
  89  19:57  Mutalisk x4  
  89  19:58  Mutalisk x2  
  101  20:08  Overseer  
Show
View Real Time Build Order
Export as new Build Order

KeVLaR Protoss - Winner!

Build Orders:  

Get SALT Encoding   

  12  0:02  Probe  
  13  0:14  Probe  
  14  0:26  Probe  
  15  0:28  Pylon  
  15  0:42  Assimilator  
  15  0:46  Probe  
  16  0:50  Gateway  
  16  0:54  Assimilator  
  16  0:58  Probe  
  17  1:06  Probe  
  18  1:14  Probe  
  19  1:25  Probe  
  19  1:27  Forge  
  20  1:38  Cybernetics Core  
  20  1:42  Probe  
  20  1:47  Pylon  
  21  2:02  Photon Cannon  
  21  2:04  Warp Gate  
  21  2:07  Probe  
  22  2:27  Gateway  
  22  2:40  Robotics Facility  
  22  2:42  Stalker  
  24  2:46  Protoss Ground Weapons Level 1  
  24  3:01  Gateway  
  24  3:06  Pylon  
  24  3:15  Stalker  
  26  3:27  Warp Prism  
  26  3:31  Probe  
  29  3:52  Gateway  
  29  4:03  Gateway  
  29  4:06  Photon Cannon  
  29  4:45  Pylon  
  29  5:00  Protoss Shields Level 1  
  29  5:32  Stalker x2  
  29  5:33  Stalker x3  
  39  6:01  Stalker  
  39  6:02  Stalker x3  
  47  6:28  Pylon  
  47  6:34  Pylon  
  47  6:35  Pylon  
  47  6:46  Immortal  
  51  7:09  Stalker x3  
  51  7:10  Stalker x2  
  26  7:55  Zealot x2  
Show
View Real Time Build Order
Export as new Build Order

Teehee Terran 

Build Orders:  

Get SALT Encoding   

  12  0:01  SCV  
  13  0:14  Supply Depot  
  13  0:20  SCV  
  14  0:38  Barracks, SCV  
  15  0:50  SCV  
  16  1:02  SCV  
  17  1:14  SCV  
  18  1:26  SCV  
  18  1:28  Marine  
  18  1:30  Refinery  
  20  1:35  Supply Depot  
  20  1:38  SCV  
  21  1:42  Supply Depot  
  21  1:46  Marine  
  22  1:47  Engineering Bay  
  22  1:50  SCV  
  23  2:02  SCV  
  23  2:03  Marine  
  25  2:08  Barracks  
  26  2:23  Barracks  
  25  2:34  Barracks Tech Lab  
  25  2:49  Terran Infantry Weapons Level 1  
  24  2:56  Marine  
  25  3:00  Marine  
  26  3:11  Command Center  
  26  3:13  Marine  
  28  3:22  Barracks Reactor  
  28  3:25  Barracks Reactor  
  27  3:31  Marine  
  22  4:04  Marine x5  
  22  4:09  SCV  
  28  4:21  Marine, SCV  
  28  4:22  Marine x2  
  32  4:29  Marine  
  34  4:38  Combat Shield  
  35  4:39  Marine x2  
  35  4:40  Marine  
  35  4:43  Marauder  
  38  4:45  Orbital Command  
  38  4:47  Marine  
  39  4:53  Orbital Command  
  39  4:57  Marine x3  
  42  5:04  Marauder  
  44  5:25  Marauder  
  9  8:27  Orbital Command  
Show
View Real Time Build Order
Export as new Build Order

Skillup Terran 

Build Orders:  

Get SALT Encoding   

  12  0:15  Supply Depot, SCV  
  13  0:28  SCV  
  14  0:40  SCV  
  15  0:49  Barracks  
  15  0:52  Supply Depot  
  15  0:58  Refinery  
  15  1:07  SCV  
  16  1:14  Supply Depot  
  16  1:28  SCV  
  17  1:40  SCV  
  18  1:49  Barracks  
  18  1:51  Barracks Reactor  
  18  1:52  SCV  
  19  2:04  Supply Depot, SCV  
  20  2:11  Engineering Bay  
  20  2:17  SCV  
  21  2:27  Marine  
  21  2:28  Marine  
  23  2:45  Marine x2  
  23  2:49  Terran Infantry Weapons Level 1  
  25  2:56  Barracks Reactor  
  25  2:59  Refinery  
  25  3:03  Marine x2, Barracks  
  27  3:21  Marine x2  
  29  3:38  Marine x2  
  29  3:39  Marine x2  
  33  3:56  Marine x3  
  33  3:57  Marine  
  37  4:13  Marine x2  
  37  4:14  Marine x2  
  29  4:31  Marine x2  
  29  4:32  Marine x2  
  29  4:37  Barracks Reactor  
  33  4:49  Marine x2  
  33  4:50  Marine x2  
  37  4:53  Barracks Reactor  
  37  5:01  Factory, Planetary Fortress  
  37  5:07  Marine x2  
  37  5:08  Marine x2  
  39  5:25  Marine x2  
  39  5:26  Marine  
  24  6:10  Marine x2  
  24  6:11  Marine x4  
  27  6:25  SCV  
  28  6:28  Marine x3  
  28  6:29  Marine x3  
  34  6:37  SCV  
  35  6:46  Marine x4  
  39  7:01  Supply Depot  
  39  7:15  Marine  
  39  7:16  SCV  
  39  7:19  Marine  
  39  7:22  Marine x2  
  41  7:25  Supply Depot  
  41  7:28  SCV  
  42  7:40  SCV  
  43  7:47  Supply Depot  
  43  7:49  Marine x2  
  43  7:50  Marine x4  
  49  8:08  Marine x6  
  52  8:40  Supply Depot  
  39  9:03  Supply Depot  
  23  9:32  Marine x3  
  23  9:33  Marine x3  
  26  9:50  Marine x3  
  26  9:52  Marine  
  23  9:54  Marine  
  23  9:56  Marine  
  17  10:08  Marine x2  
  12  11:49  SCV  
  6  12:01  SCV  
  6  12:04  Marine x2  
  6  12:05  Marine  
  10  12:14  SCV  
  11  12:16  Marine  
  12  12:26  SCV  
  11  12:38  SCV  
  10  12:48  Factory  
  10  12:52  SCV  
  11  13:04  SCV  
  12  13:08  Supply Depot  
  12  13:32  Widow Mine  
  14  13:50  Marine  
  14  13:54  Widow Mine  
  16  14:17  Factory Tech Lab  
  19  14:38  Siege Tank  
  18  14:45  Supply Depot  
  18  14:51  Marine  
  15  15:09  Marine  
  15  15:10  Siege Tank  
  19  15:33  SCV  
  20  15:46  SCV  
  21  15:58  SCV  
  20  16:11  Siege Tank  
  23  16:33  Marine  
  24  16:43  Command Center  
  24  16:51  Marine  
  25  17:07  Widow Mine  
  27  17:13  Refinery  
  27  17:28  Widow Mine  
  29  17:50  Widow Mine  
  31  17:58  Engineering Bay  
  31  18:00  SCV  
  31  18:05  SCV  
  33  18:11  Widow Mine  
  33  18:12  SCV  
  36  18:24  SCV  
  37  18:37  Planetary Fortress  
  37  18:44  SCV  
  38  18:51  Refinery  
  38  18:56  Refinery, SCV  
  39  19:08  Supply Depot, SCV  
  40  19:18  SCV  
  40  19:20  SCV  
  42  19:30  SCV  
  43  19:32  SCV  
  44  19:40  Starport  
  44  19:45  SCV x2  
  46  20:01  Supply Depot  
Tags
 
Add a new tag
Caveats
  • Supply blocks, unpowered buildings, or Contaminate may cause inaccurate times.
  • Supply counts are checked every 10 seconds.